Selects Italian Combined Arms Battlegroup
Selects Bersaglieri Squad
Kradschützen Motorcycle Team
Construct Light Support Kompanie
Selects Bersaglieri Bolster
Selects Breda Model 30 Light Machine Guns
Pak 38 Anti-tank Gun Team
Construct Mechanized Kompanie
Selects Semovente da 75/18 Assault Gun
Selects Carro Armato M13/40 Light Tank
Semovente da 75/18 Assault Gun
Semovente da 75/18 Assault Gun
Panzerjäger Mechanized Group
Marder III Tank Destroyer
Marder III Tank Destroyer
18-tonne Recovery Half-track
Marder III Tank Destroyer
Panzerjäger Mechanized Group